 Dungeon Crawl Stone Soup version 0.31.0-12-g77e489cdc1 (webtiles) character file.

Game seed: 4036847189745845123

938 hawla the Carver (level 7, -3/85 HPs)
             Began as a Minotaur Fighter on Mar 1, 2024.
             Slain by a kobold brigand
             ... wielding a +0 dagger
              (6 damage)
             ... on level 6 of the Dungeon on Mar 2, 2024.
             The game lasted 00:08:35 (5424 turns).

hawla the Carver (Minotaur Fighter)                 Turns: 5424, Time: 00:08:35

Health: -3/85      AC: 11    Str: 21    XL:     7   Next: 87%
Magic:  6/6        EV: 10    Int:  5    God:
Gold:   293        SH:  5    Dex: 15    Spells: 6/6 levels left

rFire   + . .        a - +1 long sword
rCold   + . .        c - +0 buckler
rNeg    . . .        v - +0 scale mail of Loojoyte {Will++ Dex+4}
rPois   +            (helmet restricted)
rElec   +            g - +2 cloak
rCorr   +            (no gloves)
SInv    .            w - +0 pair of boots
Will    ++...        (no amulet) Stlth
                     (no ring)
HPRegen 0.34/turn    (no ring)
MPRegen 0.10/turn

%: no passive effects
@: berserking (expiring), resistant, very quick
A: horns 2, retaliatory headbutt
a: no special abilities


You were on level 6 of the Dungeon.
You visited 1 branch of the dungeon, and saw 6 of its levels.

You collected 293 gold pieces.

Inventory:

Hand Weapons
 a - a +1 long sword (weapon)
Missiles
 k - a throwing net (quivered)
 t - 4 darts of dispersal
Armour
 c - a +0 buckler (worn)
 g - a +2 cloak (worn)
 v - the +0 scale mail of Loojoyte (worn) {Will++ Dex+4}
   (You found it on level 4 of the Dungeon)

   Dex+4:     It affects your dexterity (+4).
   Will++:    It greatly increases your willpower.
 w - a +0 pair of boots (worn)
Jewellery
 b - a ring of resist corrosion
 h - a ring of ice
Scrolls
 e - a scroll of fog
 f - a scroll of butterflies
 i - a scroll of fear {unknown}
 p - a scroll of poison {unknown}
 x - a scroll of teleportation
Potions
 d - 3 potions of might
 n - a potion of haste
 r - a potion of brilliance
 s - a potion of curing {unknown}


   Skills:
 - Level 3.6 Fighting
 + Level 9.9 Long Blades
 - Level 3.6 Armour
 - Level 3.0 Dodging
 - Level 5.0 Shields


You had 6 spell levels left.
You didn't know any spells.
Your spell library was empty.

Dungeon Overview and Level Annotations

Branches:
Dungeon (6/15)
 Temple: D:4-7

Altars:
Cheibriados
Dithmenos
Gozag
Kikubaaqudgha
Makhleb
Qazlal
Ru
Trog
Vehumet

Annotations:
D:6 Eustachio


Innate Abilities, Weirdness & Mutations

You have a pair of horns on your head.
You reflexively headbutt those who attack you in melee.


Message History

The orc priest is poisoned.
The orc priest struggles to breathe.
The orc priest seems to slow down.
The orc priest hits you but does no damage.
It was a potion of cancellation.
Your magical effects are unravelling.
You feel magically purged.
You feel yourself speed up.
You feel yourself slow down.
You flicker back into view.
You feel a little less clever now.
* * * LOW HITPOINT WARNING * * *
You feel sick.
It was a potion of resistance.
You feel protected.
* * * LOW HITPOINT WARNING * * *
You feel sick.
The orc priest calls upon Beogh to heal the orc priest.
The orc priest is healed somewhat.
It was a potion of berserk rage.
A red film seems to cover your vision as you go berserk!
You feel yourself moving faster!
You feel mighty!
You feel sick.
You are no longer poisoned.
The orc priest calls upon Beogh to heal the orc priest.
The orc priest is healed somewhat.
You slash the orc priest!
You kill the orc priest!
You completely miss the kobold brigand. The kobold brigand closely misses you.
You closely miss the kobold brigand. You slash the kobold brigand!
Your headbutt misses the kobold brigand.
The kobold brigand is moderately wounded.
You completely miss the kobold brigand.
The kobold brigand is moderately wounded.
The orc priest casts a cantrip, but nothing happens.
You block the kobold brigand's attack.
You hit the kobold brigand.
The kobold brigand is moderately wounded.
The kobold closely misses you.
You closely miss the kobold brigand.
The kobold brigand is moderately wounded.
The kobold brigand hits you with a +0 dagger.
You die...

!.5........##.##..#
### .....####..##.#
..# #### #..##K#
..# #..##.##. #
#..##@#.. #......K#
#.Ko# # ###K###....
#@K...# #######


You could see Eustachio, a kobold brigand, an orc priest and 4 kobolds.

Vanquished Creatures
  Edmund (D:6)
  An orc warrior (D:4)
  A centaur (D:5)
  A bullfrog (D:6)
  2 scorpions (D:5)
  2 jellies
  4 orc priests
  Crazy Yiuf (D:6)
  2 hounds
  A sleepcap (D:5)
  2 iguanas
  An orc wizard (D:6)
  A gnoll (D:1)
  2 adders (D:2)
  A white imp (D:6)
  10 orcs
  7 ball pythons
  3 bats
  10 endoplasms
  3 giant cockroaches
  6 goblins
  5 hobgoblins
  7 jackals
  3 quokkas
  4 frilled lizards
  12 kobolds
  8 rats
101 creatures vanquished.

Vanquished Creatures (others)
  An orc wizard (D:5)
1 creature vanquished.

Grand Total: 102 creatures vanquished

Notes
Turn   | Place    | Note
-------+----------+-------------------------------------------
     0 | D:1      | hawla the Minotaur Fighter began the quest for the Orb.
     0 | D:1      | Reached XP level 1. HP: 19/19 MP: 0/0
   189 | D:1      | Reached skill level 1 in Dodging
   279 | D:1      | Reached XP level 2. HP: 10/26 MP: 1/1
   820 | D:2      | Reached XP level 3. HP: 31/31 MP: 2/2
  1895 | D:3      | Reached XP level 4. HP: 39/39 MP: 3/3
  1900 | D:3      | Found a sacrificial altar of Ru.
  1900 | D:3      | Found a radiant altar of Vehumet.
  1900 | D:3      | Found an ancient bone altar of Kikubaaqudgha.
  1900 | D:3      | Found a snail-covered altar of Cheibriados.
  1900 | D:3      | Found a stormy altar of Qazlal.
  1900 | D:3      | Found a burning altar of Makhleb.
  1908 | D:3      | Reached skill level 5 in Shields
  1908 | D:3      | Reached skill level 3 in Long Blades
  2084 | D:3      | Found a shadowy altar of Dithmenos.
  2350 | D:3      | Found an opulent altar of Gozag.
  2861 | D:4      | Reached skill level 4 in Long Blades
  2861 | D:4      | Reached XP level 5. HP: 44/45 MP: 4/4
  3099 | D:4      | Identified the +0 scale mail of Loojoyte {Will++ Dex+4}
  3194 | D:4      | Noticed an orc warrior
  3368 | D:4      | Killed an orc warrior
  3369 | D:4      | Reached skill level 5 in Long Blades
  3372 | D:4      | Reached XP level 6. HP: 14/51 MP: 5/5
  3656 | D:4      | Reached skill level 6 in Long Blades
  3760 | D:5      | Entered Level 5 of the Dungeon
  4049 | D:5      | Reached skill level 7 in Long Blades
  4255 | D:5      | Reached XP level 7. HP: 19/57 MP: 6/6
  4460 | D:5      | Reached skill level 8 in Long Blades
  4928 | D:6      | Found a runed translucent door.
  4929 | D:6      | Noticed Crazy Yiuf
  4939 | D:6      | Killed Crazy Yiuf
  5211 | D:6      | Noticed Edmund
  5225 | D:6      | Killed Edmund
  5226 | D:6      | Reached skill level 9 in Long Blades
  5393 | D:6      | Found a bloodstained altar of Trog.
  5394 | D:6      | Noticed Eustachio
  5415 | D:6      | HP: 2/57 [poisoned by a kobold brigand (curare-tipped
                  | dart)]
  5424 | D:6      | Slain by a kobold brigand

Illustrated notes

Levels and vault maps discovered:
D:1:      ncdulo_watergridlock, layout_basic
D:2:      layout_basic, minmay_misc_feat_nine_boxes, minmay_octomino_c4
D:3:      cheibrodos_fertilizer, layout_loops_ring, grunt_gozag_breadcrumbs,
          grunt_dithmenos_smoke, chequers_serial_rivers_micro_e,
          serial_bayou_pond_e
D:4:      layout_loops_cross
D:5:      layout_loops_ring, serial_library,
          serial_library_regret_index_double_sided,
          serial_library_hellmonk_hallway_b, serial_library_hellmonk_semicircle,
          serial_library_hellmonk_room_c,
          serial_library_regret_index_split_case,
          serial_library_hellmonk_small_alcove, st_stairs_14
D:6:      layout_loops_corners, trog_three_pillars_becter,
          nicolae_overflow_hidden_temple, uniq_eustachio, uniq_edmund,
          uniq_crazy_yiuf_cottage

Skill      XL: |  1  2  3  4  5  6  7 |
---------------+----------------------+-----
Dodging        | 1 2 3 |  3.0
Shields        | 4 5 |  5.0
Long Blades    | 4 5 7 9 |  9.9
Fighting       | |  3.6
Armour         | |  3.6

Action                     |  1- 3 |  4- 6 |  7- 9 || total
---------------------------+-------+-------+-------++-------
  Melee: Long sword        |    80 |   125 |    66 ||   271
         Headbutt          |    12 |    23 |    14 ||    49
    Use: Scroll            |     4 |     3 |     5 ||    12
         Potion            |       |     7 |     7 ||    14
 Armour: Scale mail        |    59 |    59 |    45 ||   163
         Chain mail        |       |    13 |       ||    13
  Dodge: Dodged            |    46 |    49 |    30 ||   125
  Block: Buckler           |    19 |    29 |    11 ||    59
